 Dungeon Crawl Stone Soup version 0.26-a0-812-g31a745ddcd (webtiles) character file.

Game seed: 4482494854147665654

53 Dracia the Conjurer (level 3, -6/26 HPs)
             Began as a Draconian Conjurer on Dec 7, 2020.
             Mangled by a worm (11 damage)
             ... on level 2 of the Dungeon.
             The game lasted 00:02:19 (1430 turns).

Dracia the Conjurer (Draconian Conjurer)            Turns: 1430, Time: 00:02:20

Health: -6/26      AC:  6    Str:  9    XL:     3   Next: 62%
Magic:  3/6        EV: 12    Int: 15    God:
Gold:   45         SH:  0    Dex:  9    Spells: 4/7 levels left

rFire    . . .     SeeInvis .   g - +0 short sword
rCold    . . .     Faith    .   (no shield)
rNeg     . . .     Spirit   .   (armour unavailable)
rPois    .         Reflect  .   (helmet restricted)
rElec    .         Harm     .   a - +0 cloak
rCorr    .         Rampage  .   (no gloves)
MR       +....                  (no boots)
Stlth    ++........             (no amulet)
HPRegen  0.08/turn              b - -4 ring of intelligence (curse)
MPRegen  0.10/turn              M - ring of protection from magic

@: lethally poisoned (-6 -> -12)
A: unfitting armour, cold-blooded, AC +5
a: no special abilities


You were on level 2 of the Dungeon.
You visited 1 branch of the dungeon, and saw 2 of its levels.

You collected 45 gold pieces.


Innate Abilities, Weirdness & Mutations

Your plain brown scales are hard. (AC +5)
You cannot fit into any form of body armour.
You are cold-blooded and may be slowed by cold attacks.


   Skills:
 - Level 1.7 Dodging
 - Level 1.7 Stealth
 + Level 2.6 Spellcasting
 * Level 5.0 Conjurations


You had 4 spell levels left.
You knew the following spells:

 Your Spells              Type           Power        Failure   Level
s - Searing Ray           Conj           ###...       4%          2
z - Magic Dart            Conj           ###.         2%          1

Your spell library contained the following spells:

 Spells                   Type           Power        Failure   Level
 Dazzling Flash           Conj/Hex       #.....       22%         3
 Fulminant Prism          Conj/Hex       #.........   58%         4
 Iskenderun's Mystic Bla  Conj/Tloc      #.......     58%         4

Inventory:

Hand Weapons
 g - a +0 short sword (weapon)
Armour
 a - a +0 cloak (worn)
Jewellery
 b - a cursed -4 ring of intelligence (left hand)
 M - a ring of protection from magic (right hand)
Scrolls
 f - a scroll of enchant weapon
 j - a scroll of magic mapping {unknown}
Potions
 c - a potion of haste {unknown}
 d - a potion of brilliance {unknown}
 e - a potion of heal wounds {unknown}
 h - a potion of mutation {unknown}
 i - 2 potions of curing {unknown}

Dungeon Overview and Level Annotations

Branches:
Dungeon (2/15)

Altars:

# #.
#####.#+##
.>...lw†.#
#@.# #..#
#..##
#...#
#...#
##..##
#...#
#...##
##...#


You could see a worm and a frilled lizard.


Message History

The adder is almost dead.
The jackal bites you.
* * * LOW HITPOINT WARNING * * *
The adder misses you. The jackal closely misses you.
You closely miss the jackal. You tail-slap the jackal.
The jackal is almost dead.
You feel sick. The adder bites you.
* * * LOW HITPOINT WARNING * * *
You are lethally poisoned!
The adder poisons you! The jackal closely misses you.
You hit the adder.
You kill the adder!
Your Conjurations skill increases to level 5!
The jackal bites you but does no damage.
The jackal barely misses you.
You hit the worm.
The worm is moderately wounded.
* * * LOW HITPOINT WARNING * * *
You feel sick. The jackal closely misses you.
Unknown command.
You barely miss the jackal.
The jackal is almost dead.
The jackal misses you. The worm bites you.
* * * LOW HITPOINT WARNING * * *
The jackal barely misses you.
You hit the jackal.
You kill the jackal!
* * * LOW HITPOINT WARNING * * *
You feel sick. The worm bites you!
You die...

Skill      XL: |  1  2  3 |
---------------+----------+-----
Conjurations   | 5 |  5.0
Dodging        | |  1.7
Stealth        | |  1.7
Spellcasting   | |  2.6

Action                   || total
-------------------------++-------
Melee: Unarmed           ||     2
       Short sword       ||    22
       Tailslap          ||     1
 Cast: Magic Dart        ||    68
  Use: Scroll            ||     1
Armor: Skin              ||    18
Dodge: Dodged            ||    37

Levels and vault maps discovered:
D:1:      minmay_arrival_shattered_statue, layout_loops_ring,
          chequers_mini_garden
D:2:      layout_basic, uniq_crazy_yiuf_cottage

Notes
Turn   | Place    | Note
-------+----------+-------------------------------------------
     0 | D:1      | Dracia the Draconian Conjurer began the quest for the Orb.
     0 | D:1      | Reached XP level 1. HP: 14/14 MP: 3/3
   150 | D:1      | Reached XP level 2. HP: 18/20 MP: 0/5
   908 | D:1      | Reached XP level 3. HP: 26/26 MP: 2/6
   969 | D:1      | Learned a level 2 spell: Searing Ray
  1427 | D:2      | Reached skill level 5 in Conjurations
  1430 | D:2      | Mangled by a worm

Vanquished Creatures
  An adder (D:2)
  An ooze (D:1)
  A dart slug (D:1)
  2 leopard geckos (D:1)
  8 bats
  2 giant cockroaches (D:1)
  4 goblins (D:1)
  2 hobgoblins (D:1)
  4 jackals (D:2)
  4 kobolds (D:1)
  2 frilled lizards
  3 rats
34 creatures vanquished.

Table legend: (Time is in decaauts)
 A = Elapsed time spent in this place.
 B = Non-inter-level travel time spent in this place.
 C = Inter-level travel time spent in this place.
 D = Time resting spent in this place.
 E = Time spent auto-exploring this place.
 F = Levels seen in this place.
 G = Mean time per level.
                   A        B        C        D        E       F      G
               +--------+--------+--------+--------+--------+-----+--------+
         Total |   1430 |   1380 |     50 |    131 |   1091 |   2 |  715.0 |
       Dungeon |   1430 |   1380 |     50 |    131 |   1091 |   2 |  715.0 |
               +--------+--------+--------+--------+--------+-----+--------+

Top non-repeatable levels by time:
     D:1: 1295 daAuts
     D:2: 134 daAuts

Table legend:
 A = Non-vault XP
 B = Vault XP
 C = Vault XP percentage of total XP
 D = Non-vault monster count
 E = Vault monster count
 F = Vault count percentage of total count
                 A         B        C        D         E       F
            +---------+---------+-------+---------+---------+-------
      Total |      76 |       0 |   0.0 |      34 |       0 |   0.0
            +---------+---------+-------+---------+---------+-------
        D:1 |      52 |       0 |   0.0 |      26 |       0 |   0.0
        D:2 |      24 |       0 |   0.0 |       8 |       0 |   0.0
            +---------+---------+-------+---------+---------+-------
